[Event "Early-Titled-Tuesday-Blitz-December-26-2023"]
[Site "Chess.com"]
[Date "2023.12.26"]
[Round "11"]
[White "Navyblue1"]
[Black "nitpicker"]
[Result "0-1"]
[WhiteElo "2175"]
[BlackElo "2301"]
[TimeControl "180+1"]
[EndTime "10:05:14 PST"]
[Termination "nitpicker won by checkmate"]

1. d4 Nf6 2. c4 e6 3. Nf3 d5 4. Nc3 Bb4 5. Qa4+ Nc6 6. Bd2 dxc4 7. Ne5 Nd5 8. Nxc6 bxc6 9. Qxc6+ Bd7 10. Qxc4 Rb8 11. a4 O-O 12. e4 Nf6 13. Bd3 Ba5 14. Qa2 Bc6 15. e5 Ng4 16. h3 Qxd4 17. Bxh7+ Kxh7 18. hxg4+ Kg8 19. Qb1 g6 20. Qd1 Bxg2 21. Rh2 Qxe5+ 22.
Qe2 Qxh2 23. O-O-O Rfd8 24. f4 Qh3 25. Qf2 Qf3 26.
Qxf3 Bxf3 27. Rg1 Rd3 28. Rg3 Rbd8 29. Be1 Bb7 30. Rxd3 Rxd3 31. Bd2 Rg3 32. g5 Bb6 33. Kc2 Be3 34. Bxe3 Rxe3 35. b4 Rf3 36. b5 Rxf4 37. a5 Rg4 38. a6 Ba8 39. Kb3 Rxg5 40. Kb4 Re5 41. Na4 g5 42. Nc5 g4 43. Nd7 Re4+ 44. Kc5 Kg7 45. Nb8 g3 46. Nc6 g2 47. Nxa7 g1=Q# 0-1

[Event "Early-Titled-Tuesday-Blitz-December-26-2023"]
[Site "Chess.com"]
[Date "2023.12.26"]
[Round "11"]
[White "Viktor_Poddubnyi"]
[Black "RodokininEV"]
[Result "0-1"]
[WhiteElo "2367"]
[BlackElo "2571"]
[TimeControl "180+1"]
[EndTime "10:05:15 PST"]
[Termination "RodokininEV won on time"]

1. e4 e6 2. d4 d5 3. Nd2 Be7 4. Ngf3 Nf6 5. e5 Nfd7 6. Bd3 b6 7. O-O c5 8. c3 Ba6 9. Bxa6 Nxa6 10. Ne1 Nab8 11.
Qg4 O-O 12. Ndf3 Kh8 13. Nd3 Nc6 14. Nf4 Rc8 15. Be3 Na5 16. b3 Nc6 17. h4 cxd4 18. cxd4 Nb4 19. Ng5 Qe8 20. Rac1 Nc2 21. g3 h6 22. Kg2 f5 23. exf6 Nxf6 24. Qxe6 Nxe3+ 25. fxe3 Rxc1 26. Rxc1 Ne4 27. Nxe4 dxe4 28. Ng6+ Kh7 29.
Nxe7 Qh5 30. Qxe4+ g6 31. Nxg6 Qe2+ 0-1

[Event "Early-Titled-Tuesday-Blitz-December-26-2023"]
[Site "Chess.com"]
[Date "2023.12.26"]
[Round "11"]
[White "AndresDelgado77"]
[Black "Dewarfd"]
[Result "1/2-1/2"]
[WhiteElo "2284"]
[BlackElo "2086"]
[TimeControl "180+1"]
[EndTime "10:05:16 PST"]
[Termination "Game drawn by repetition"]

1. e4 c5 2. Nf3 e6 3. c3 Nf6 4.
Bd3 c4 5. Bc2 d5 6. exd5 Qxd5 7.
O-O b5 8. a4 a6 9. axb5 axb5 10. Rxa8 Qxa8 11. Na3 Bxa3 12. bxa3 Bb7 13. a4 O-O 14. axb5 Qa5 15. Ne5 Qxb5 16. Qe2 Bd5 17. Ba3 Rc8 18. Rb1 Qa6 19. Be7 Nbd7 20. h3 Qa2 21.
Rc1 Qb2 22. Qd1 Nxe5 23. Rb1 Qa2 24. Ra1 Qb2 25. Rb1 Qa2 26. Ra1 Qb2 27. Rb1 1/2-1/2

[Event "Early-Titled-Tuesday-Blitz-December-26-2023"]
[Site "Chess.com"]
[Date "2023.12.26"]
[Round "11"]
[White "SmirnovTimofey2000"]
[Black "PawnEatingZombie"]
[Result "0-1"]
[WhiteElo "2015"]
[BlackElo "2142"]
[TimeControl "180+1"]
[EndTime "10:05:16 PST"]
[Termination "PawnEatingZombie won on time"]

1. d4 e6 2. Bf4 c5 3. e3 Qb6 4.
b3 cxd4 5. exd4 Nc6 6. Nf3 Nf6 7.
Be2 Nd5 8. Bg3 Bb4+ 9. Kf1 O-O 10. a3 Be7 11. c4 Nf6 12. Nc3 d5 13. c5 Qd8 14. b4 Ne4 15. Qc2 f5 16. Rd1 Bf6 17. Ne5 Bxe5 18. Bxe5 Nxe5 19. dxe5 a5 20. f4 axb4 21.
axb4 Bd7 22. Nxe4 fxe4 23. g3 Ba4 24. Qc1 Bxd1 25. Qxd1 Ra2 26. Rg1 Qa8 27. Kf2 b6 28. cxb6 Qa6 29. Kf1 Qxb6 30. Qb1 Rfa8 31. Kg2 Rxe2+ 32.
Kh1 Raa2 0-1

[Event "Early-Titled-Tuesday-Blitz-December-26-2023"]
[Site "Chess.com"]
[Date "2023.12.26"]
[Round "11"]
[White "jacky72"]
[Black "Zurability"]
[Result "1-0"]
[WhiteElo "2817"]
[BlackElo "2699"]
[TimeControl "180+1"]
[EndTime "10:05:17 PST"]
[Termination "jacky72 won by resignation"]

1. e4 c5 2. b3 g6 3. Bb2 Nf6 4. e5 Nd5 5. c4 Nc7 6. d4 cxd4 7. Nf3 Nc6 8. Nxd4 Bg7 9. Nxc6 bxc6 10. Be2 d6 11. Bf3 Bb7 12. Qe2 Ne6 13. O-O O-O 14. exd6 exd6 15. Bxg7 Kxg7 16. Qd2 Qf6 17. Nc3 Nd4 18. Be4 d5 19. cxd5 cxd5 20. Bxd5 Rad8 21. Rad1 Nb5 22. Nxb5 Rxd5 23. Qb4 Rg5 24. f3 Bxf3 25. Rd2 Qb6+ 26. Qd4+ Qxd4+ 27. Nxd4 Be4 28. Re1 Re5 29. Nc6 Re6 30. Nxa7 f5 31. Nb5 Rc6 32. a4 Rb8 33. Nd4 Rc3 34. a5 Kf6 35. a6 Ra8 36. Ra1 Ke5 37.
Ra5+ Kf4 38. Ne2+ Ke3 39. Nxc3 Kxd2 40. Nb5 Bd3 41. Ra2+ Ke1 42. Nd6 Rxa6 43. Rxa6 Bxa6 44. b4 Kd2 45. b5 Bxb5 46. Nxb5 Ke3 47. Nc3 f4 48. Nd5+ Ke4 49. Nf6+ Kf5 50. Nxh7 g5 51. Nxg5 Kxg5 52. Kf2 Kg4 53. h3+ Kg5 54. Kf3 Kf5 55.
h4 Ke5 56. Kg4 Ke4 57. h5 1-0

[Event "Early-Titled-Tuesday-Blitz-December-26-2023"]
[Site "Chess.com"]
[Date "2023.12.26"]
[Round "11"]
[White "Alexei_Gubajdullin"]
[Black "AsaHoffmann"]
[Result "0-1"]
[WhiteElo "2621"]
[BlackElo "2368"]
[TimeControl "180+1"]
[EndTime "10:05:17 PST"]
[Termination "AsaHoffmann won by resignation"]

1. d4 Nf6 2. Nf3 d6 3. Bf4 Bg4 4. e3 Nbd7 5. Be2 Nh5 6. Bg5 h6 7. Bh4 g5 8. Bg3 Nxg3 9. hxg3 Bg7 10. Nfd2 Bxe2 11. Qxe2 c6 12. Nc3 e6 13. g4 d5 14. Qd3 Qe7 15. Ne2 e5 16. O-O-O O-O-O 17. Ng3 e4 18. Qb3 Kb8 19. Nf5 Qf6 20. f3 Rde8 21. c4 exf3 22. gxf3 dxc4 23. Nxc4 Bf8 24. Kb1 Qe6 25. d5 cxd5 26. Na5 Nb6 27. Qb5 Bd6 28. Rc1 h5 29. Rhd1 hxg4 30. fxg4 Rc8 31. a4 Rxc1+ 32. Rxc1 Rc8 33. Rxc8+ Kxc8 34. Ka1 Be5 35. Nb3 Qd7 36.
Qxd7+ Kxd7 37. Nc5+ Kc6 38. Nd3 Bf6 39. a5 Nc4 40. a6 bxa6 41. Kb1 a5 42. Kc2 Nd6 43. b3 Nxf5 44. gxf5 g4 45. Nf4 Be5 46. Ng2 Kc5 47. Ne1 g3 48. Nd3+ Kd6 49. Ne1 Bf6 50. Nf3 g2 51.
Kd3 Kc5 52. Ke2 Kb4 53. Kf2 Kxb3 54. Kxg2 a4 55. Nd2+ Kc2 56. Nf3 a3 0-1

[Event "Early-Titled-Tuesday-Blitz-December-26-2023"]
[Site "Chess.com"]
[Date "2023.12.26"]
[Round "11"]
[White "Kostya0705"]
[Black "Pastore1978"]
[Result "1-0"]
[WhiteElo "2529"]
[BlackElo "2199"]
[TimeControl "180+1"]
[EndTime "10:05:17 PST"]
[Termination "Kostya0705 won by checkmate"]

1. e4 e6 2. d4 d5 3. Nc3 Nf6 4. e5 Nfd7 5. f4 c5 6. Nf3 Nc6 7. Be3 cxd4 8. Nxd4 Bc5 9. Qd2 O-O 10. O-O-O a6 11.
Kb1 Nxd4 12. Bxd4 b5 13. Qf2 Qc7 14. Bd3 Bxd4 15. Qxd4 Qc5 16. Ne2 b4 17. Rhe1 a5 18.
f5 Qxd4 19. Nxd4 Nc5 20. fxe6 fxe6 21. Rf1 Bd7 22. Kc1 a4 23. Kd2 Rac8 24. Ke2 b3 25. axb3 axb3 26. c3 Ra8 27. Rxf8+ Rxf8 28. Ra1 Ba4 29.
Nxe6 Nxe6 30. Rxa4 Nf4+ 31. Ke3 Nxd3 32. Kxd3 Rf2 33.
g3 Rxh2 34. Rf4 Rxb2 35. e6 Ra2 36. Rf5 Ra7 37. Rxd5 Kf8 38. Rd6 Rb7 39. Rd7 Rxd7+ 40. exd7 Ke7 41. c4 Kxd7 42. Kc3 g5 43. g4 Kc6 44.
Kxb3 Kc5 45. Kc3 Kc6 46. Kd4 Kd6 47. c5+ Kc6 48. Kc4 Kc7 49. Kd5 Kd7 50. c6+ Kc7 51.
Kc5 Kc8 52. Kd6 Kd8 53. c7+ Kc8 54. Kc6 h5 55. gxh5 g4 56. h6 g3 57. h7 g2 58. h8=R# 1-0

[Event "Early-Titled-Tuesday-Blitz-December-26-2023"]
[Site "Chess.com"]
[Date "2023.12.26"]
[Round "11"]
[White "Lion-Al-Messi"]
[Black "bubeliang"]
[Result "0-1"]
[WhiteElo "2613"]
[BlackElo "2770"]
[TimeControl "180+1"]
[EndTime "10:05:18 PST"]
[Termination "bubeliang won on time"]

1. e4 b6 2. d4 Bb7 3. Nc3 e6 4. Nf3 Bb4 5. Bd3 Nf6 6. Bg5 h6 7. Bxf6 Qxf6 8. O-O Bxc3 9. bxc3 d6 10. a4 a5 11. Qe2 e5 12. Bb5+ Kf8 13. dxe5 dxe5 14.
Rad1 g6 15. Rd2 Kg7 16. Rfd1 Na6 17. Rd7 Nc5 18. Rxc7 Bxe4 19. Bc4 Bxf3 20. Qxf3 Qxf3 21. gxf3 Rhf8 22. Bb3 Rac8 23. Rxc8 Rxc8 24. Rd5 Nxb3 25. cxb3 Rxc3 26. Rb5 Rxf3 27. Rxb6 Rc3 28. Rb5 Kf6 29. Kf1 Kf5 30. Ke2 Rc2+ 31. Kd3 Rxf2 32. Rxa5 Rxh2 33. Ra7 e4+ 34. Kd4 Rd2+ 35. Kc3 Rd3+ 36. Kc2 f6 37. Re7 h5 38. a5 h4 39. a6 h3 40. Rh7 Kg4 41. b4 Rd8 42. b5 e3 43.
a7 e2 44. Re7 h2 45. Rd7 Rxd7 46. a8=Q e1=Q 47. Qg2+ Qg3 48. Qe4+ Kg5 0-1

[Event "Early-Titled-Tuesday-Blitz-December-26-2023"]
[Site "Chess.com"]
[Date "2023.12.26"]
[Round "11"]
[White "TheFireChess"]
[Black "KorolDimitriy75"]
[Result "1-0"]
[WhiteElo "2524"]
[BlackElo "2376"]
[TimeControl "180+1"]
[EndTime "10:05:22 PST"]
[Termination "TheFireChess won on time"]

1. e4 c5 2. c3 d5 3. exd5 Qxd5 4. d4 cxd4 5. cxd4 Nc6 6. Nf3 e5 7. Nc3 Bb4 8. Bd2 Bxc3 9. Bxc3 e4 10. Ne5 Nxe5 11. dxe5 Ne7 12. Qc2 O-O 13. Rd1 Qxa2 14. Bb4 Nc6 15. Bxf8 Kxf8 16. Qc5+ Kg8 17. Qxc6 Bg4 18. Qc4 Qxb2 19. Rc1 h5 20. Qc3 Qb6 21. Be2 Rc8 22. Qd2 Rd8 23. Qe3 Qa5+ 24. Qc3 Qb6 25.
Bxg4 hxg4 26. O-O g6 27. Rfd1 Re8 28. Rd7 Qe6 29. Rxb7 Qf5 30. Rxa7 Rxe5 31. Ra8+ Kg7 32. Re1 f6 33. Qc7+ Kh6 34. Rh8+ Kg5 35. Qc1+ Qf4 36.
Qxf4+ Kxf4 37. g3+ Kf5 38. Rb8 g5 39. Rb4 Re6 40. Kf1 1-0

[Event "Early-Titled-Tuesday-Blitz-December-26-2023"]
[Site "Chess.com"]
[Date "2023.12.26"]
[Round "11"]
[White "rachidhuilda"]
[Black "AjedrezInteligente"]
[Result "1/2-1/2"]
[WhiteElo "2362"]
[BlackElo "2506"]
[TimeControl "180+1"]
[EndTime "10:05:22 PST"]
[Termination "Game drawn by stalemate"]

1. d4 Nf6 2. Bg5 e6 3. e4 c5 4. d5 d6 5. Nc3 Be7 6. Bb5+ Bd7 7. a4 O-O 8. Nf3 a6 9. Bxd7 Nbxd7 10. dxe6 fxe6 11. e5 Nxe5 12. Nxe5 dxe5 13. O-O Nd5 14. Bxe7 Qxe7 15. Nxd5 exd5 16. Qxd5+ Kh8 17. Rfe1 Rae8 18.
Rad1 Qh4 19. g3 Qb4 20. Rxe5 h6 21. Rxe8 Rxe8 22. Qf7 Rg8 23. Qb3 Qxb3 24. cxb3 Re8 25. Kf1 Re4 26. Rd3 Kh7 27. Rc3 b6 28. a5 bxa5 29.
Rxc5 Rb4 30. Rxa5 Rxb3 31. Rxa6 Rxb2 32. Kg2 Rc2 33. h4 Rb2 34. g4 Rc2 35. Kg3 Rb2 36. f3 Rc2 37. g5 hxg5 38. hxg5 g6 39. Kf4 Re2 40. Ra7+ Kg8 41. Rc7 Kf8 42. Rc6 Kf7 43. Rc7+ Kf8 44. Rc5 Kf7 45. Re5 Ra2 46. Rb5 Re2 47.
Rb6 Re1 48. Rf6+ Kg7 49. Ra6 Kf7 50. Ra4 Re2 51. Re4 Ra2 52. Kg4 Rb2 53. Rf4+ Kg7 54. Ra4 Kf7 55. Ra7+ Kf8 56. Kf4 Re2 57. Rb7 Kg8 58. Kg4 Kf8 59. f4 Re3 60. f5 Re4+ 61. Kf3 gxf5 62. Rb5 Kg7 63. Rxf5 Ra4 64. Rf4 Rxf4+ 65.
Kxf4 Kg6 66. Kg4 Kg7 67. Kf5 Kf7 68. Ke5 Kg6 69. Kf4 Kg7 70. Kf5 Kf7 71. g6+ Kg7 72.
Kg5 Kg8 73. Kh5 Kg7 74. Kg5 Kg8 75. Kf6 Kf8 76. Kg5 Kg7 77. Kh5 Kg8 78. Kh6 Kh8 79.
g7+ Kg8 80. Kg6 1/2-1/2

[Event "Early-Titled-Tuesday-Blitz-December-26-2023"]
[Site "Chess.com"]
[Date "2023.12.26"]
[Round "11"]
[White "ahkashefi2800"]
[Black "Agibileg"]
[Result "1-0"]
[WhiteElo "2607"]
[BlackElo "2682"]
[TimeControl "180+1"]
[EndTime "10:05:24 PST"]
[Termination "ahkashefi2800 won by resignation"]

1. d4 Nf6 2. Nf3 g6 3. Bf4 Bg7 4.
e3 O-O 5. Be2 b6 6. O-O Bb7 7.
a4 d6 8. c3 a6 9. Nbd2 Nbd7 10. h3 Qe8 11. Bh2 e5 12. dxe5 dxe5 13. Qc2 Qe7 14.
Ng5 h6 15. Nge4 Nxe4 16. Nxe4 f5 17. Nd2 Kh7 18. Rfd1 Rad8 19. Nf1 Qg5 20. Ng3 Nc5 21. b4 Ne4 22. Bf3 h5 23. Rxd8 Rxd8 24. Bxe4 fxe4 25.
Rd1 h4 26. Rxd8 hxg3 27. Rd7 gxh2+ 28. Kxh2 Bd5 29. Rxd5 Qf5 30. Qe2 Qe6 31. c4 c6 32.
Rd1 Bf8 33. b5 axb5 34. axb5 cxb5 35. cxb5 Qf7 36. Rd2 Bb4 37. Rc2 Bc5 38. Qg4 Qd5 39.
Qe2 Qb3 40. Rd2 Qf7 41. Qg4 Be7 42. Qxe4 Kh6 43. Qxe5 Bf6 44. Qf4+ g5 45. Qf5 Qc7+ 46. f4 Qe7 47. Rd7 1-0

[Event "Early-Titled-Tuesday-Blitz-December-26-2023"]
[Site "Chess.com"]
[Date "2023.12.26"]
[Round "11"]
[White "DrCeltic"]
[Black "Azalea95"]
[Result "1-0"]
[WhiteElo "2500"]
[BlackElo "2338"]
[TimeControl "180+1"]
[EndTime "10:05:24 PST"]
[Termination "DrCeltic won on time"]

1. e4 e6 2. d4 d5 3. Nc3 Bb4 4. e5 c5 5. Bd2 cxd4 6. Nb5 Bc5 7. b4 Be7 8. Nxd4 Qc7 9. Ngf3 a6 10. Bd3 Nc6 11.
Nxc6 Qxc6 12. O-O Nh6 13. Bxh6 gxh6 14. Qd2 Bd7 15. Qxh6 Bxb4 16. Qf6 Rf8 17. Nd4 Qc7 18. Bxh7 Be7 19. Qf4 f6 20. Bg6+ Kd8 21. Qh6 fxe5 22.
Nf3 Qd6 23. Rad1 Kc7 24. Rfe1 Rh8 25. Qc1 Rag8 26. Nxe5 Bf6 27. Nxd7 Qxh2+ 28. Kf1 Rxg6 29. Nxf6 Rxf6 30. Qe3 Rhf8 31. f3 Qh1+ 32. Kf2 Qh4+ 33. Kg1 Rh8 34. Qe5+ Kc8 35. Rd4 Qh1+ 36. Kf2 Qh6 37.
Rh1 Qxh1 38. Qxf6 Qc1 39. Qxh8+ Kc7 40. Qe5+ 1-0

[Event "Early-Titled-Tuesday-Blitz-December-26-2023"]
[Site "Chess.com"]
[Date "2023.12.26"]
[Round "11"]
[White "secrethawk1"]
[Black "Barbix1"]
[Result "0-1"]
[WhiteElo "2446"]
[BlackElo "2312"]
[TimeControl "180+1"]
[EndTime "10:05:27 PST"]
[Termination "Barbix1 won by resignation"]

1. d4 Nf6 2. Bf4 d5 3. e3 c5 4.
c3 Nc6 5. Nd2 Bf5 6. Qb3 Qd7 7.
Ngf3 e6 8. Bb5 c4 9. Qd1 Bd6 10. Ne5 Bxe5 11. Bxe5 a6 12. Ba4 b5 13. Bc2 Bxc2 14.
Qxc2 O-O 15. Bxf6 gxf6 16. f4 f5 17. Rg1 Qe7 18. Nf3 Kh8 19. h3 Rg8 20. g4 fxg4 21. hxg4 f6 22. O-O-O b4 23. f5 bxc3 24. fxe6 cxb2+ 25. Kb1 Qa3 26. Rh1 Rg7 27. g5 Nb4 28. Qxb2 Qxb2+ 29. Kxb2 fxg5 30. Ne5 Nd3+ 31. Nxd3 cxd3 32. Rxd3 Re8 33. Rh6 Rge7 34. Ra3 Rxe6 35. Rxa6 Rxh6 36.
Rxh6 Rxe3 37. Rd6 h5 38. Rxd5 Rg3 39. a4 h4 40. Rd6 Kg7 41. Re6 h3 42. Re1 h2 43.
Rh1 Rg2+ 44. Kb3 g4 45. a5 g3 46. a6 Rf2 47. a7 Rf8 48. Rf1 Ra8 49. Rf3 h1=Q 50.
Rxg3+ Kf6 0-1

[Event "Early-Titled-Tuesday-Blitz-December-26-2023"]
[Site "Chess.com"]
[Date "2023.12.26"]
[Round "11"]
[White "SergioMoralesG"]
[Black "marvinguevara"]
[Result "1-0"]
[WhiteElo "2397"]
[BlackElo "2228"]
[TimeControl "180+1"]
[EndTime "10:05:27 PST"]
[Termination "SergioMoralesG won by checkmate"]

1. d4 Nf6 2. c4 e6 3. Nf3 Bb4+ 4. Nbd2 O-O 5. a3 Be7 6. e3 d5 7. Bd3 c5 8. dxc5 Bxc5 9. b4 Be7 10. Bb2 b6 11. O-O Bb7 12. Qe2 Nbd7 13. cxd5 exd5 14. Ba6 Bxa6 15. Qxa6 Bd6 16. h3 Qe7 17. Rac1 Ne5 18. Nd4 Qd7 19. Qb5 Qxb5 20. Nxb5 Bb8 21. Nc7 Bxc7 22.
Rxc7 Ned7 23. Rfc1 h5 24. Kf1 a5 25. b5 Kh7 26. Bd4 Kg6 27. R1c6 Rab8 28. Rxd7 Rfc8 29. Bxf6 Rxc6 30. bxc6 Kxf6 31. Rxd5 Rc8 32. Rb5 Rxc6 33. Ke2 Ke6 34. Kd3 Kd6 35. Nc4+ Kc7 36. Kd4 Rg6 37.
g3 h4 38. g4 Rc6 39. f4 f6 40. e4 g6 41. e5 g5 42. fxg5 fxg5 43. Rxb6 Rxc4+ 44. Kxc4 Kxb6 45. Kd5 Kb5 46. e6 Ka4 47. e7 Kxa3 48.
e8=Q Kb3 49. Qe5 a4 50. Qxg5 a3 51. Qe3+ Kb2 52. Qxa3+ Kxa3 53. g5 Kb3 54. g6 Kc3 55. g7 Kd3 56. g8=Q Ke3 57. Qh7 Kf2 58. Qxh4+ Kg2 59. Qg4+ Kh1 60. Qg6 Kh2 61. Ke4 Kh1 62.
Kf3 Kh2 63. Qg2# 1-0

[Event "Early-Titled-Tuesday-Blitz-December-26-2023"]
[Site "Chess.com"]
[Date "2023.12.26"]
[Round "11"]
[White "Statham_l3"]
[Black "DTChess"]
[Result "0-1"]
[WhiteElo "2571"]
[BlackElo "2668"]
[TimeControl "180+1"]
[EndTime "10:05:31 PST"]
[Termination "DTChess won by checkmate"]

1. e4 e5 2. Nf3 Nc6 3. Nc3 g6 4. d4 exd4 5. Nd5 Bg7 6. Bg5 Nce7 7. Nxd4 c6 8. Ne3 Qa5+ 9. Qd2 Qxg5 10. O-O-O Qc5 11.
Nb3 Qb6 12. Nc4 Qc7 13. Nd6+ Kf8 14. f4 Nf6 15. e5 Nfd5 16. c4 Nb6 17. Qa5 Nf5 18.
Nxf5 gxf5 19. Qc5+ Kg8 20. g4 d6 21. exd6 Qd7 22. Re1 Bxb2+ 23. Kb1 Bf6 24. gxf5 Qxf5+ 25. Bd3 Qxd3+ 26. Kc1 Qc3+ 27. Kd1 Bg4+ 28. Re2 Qd3+ 29. Kc1 Qxe2 30. Nd4 Qe3+ 31. Kb1 Qxd4 32. Qxd4 Bxd4 33.
c5 Nd5 34. a4 Bf5+ 35. Ka2 Re8 36. Kb3 Bxc5 37. Kc4 b6 38. a5 Re4+ 39. Kd3 Re1+ 40. Kc4 Rxh1 41. axb6 axb6 42. d7 Bxd7 43. h4 Rc1+ 44.
Kd3 Bf5+ 45. Ke2 Bd6 46. Kf3 Kf8 47. h5 Rg8 48. h6 Rc3+ 49. Kf2 Rgg3 50. Ke2 Ra3 51.
Kf2 Rgb3 52. Ke2 Ra2+ 53. Ke1 Rb1# 0-1

[Event "Early-Titled-Tuesday-Blitz-December-26-2023"]
[Site "Chess.com"]
[Date "2023.12.26"]
[Round "11"]
[White "a-z30"]
[Black "johnmez"]
[Result "1-0"]
[WhiteElo "2489"]
[BlackElo "2312"]
[TimeControl "180+1"]
[EndTime "10:05:33 PST"]
[Termination "a-z30 won by resignation"]

1. d4 Nf6 2. c4 c5 3. d5 e6 4. Nc3 exd5 5. cxd5 d6 6. Nf3 g6 7. Bf4 Bg7 8. h3 O-O 9. e3 Na6 10. Bxa6 bxa6 11. Rc1 Rb8 12. b3 Re8 13. O-O Ne4 14.
Nxe4 Rxe4 15. Nd2 Re8 16. Nc4 Bf8 17. Qf3 Bf5 18. Qg3 Bd3 19. Rfd1 Bxc4 20. Rxc4 Qd7 21. Rxc5 dxc5 22. Bxb8 Qb5 23. Bf4 Qe2 24. Qf3 Qxa2 25.
e4 Bg7 26. d6 Bd4 27. Bg5 f6 28. Bxf6 Rf8 29. e5 Qc2 30. Qd5+ Rf7 31. Rxd4 cxd4 32. Qxd4 Qc1+ 33. Kh2 Qc6 34. Qc4 Qxc4 35. bxc4 Rd7 36. c5 a5 37. c6 1-0

[Event "Early-Titled-Tuesday-Blitz-December-26-2023"]
[Site "Chess.com"]
[Date "2023.12.26"]
[Round "11"]
[White "C_K_G"]
[Black "Matols"]
[Result "0-1"]
[WhiteElo "2072"]
[BlackElo "2388"]
[TimeControl "180+1"]
[EndTime "10:05:35 PST"]
[Termination "Matols won on time"]

1. e4 c6 2. Nf3 d5 3. Nc3 dxe4 4.
Nxe4 Nf6 5. Ng3 Bg4 6. Bc4 e6 7.
O-O Bd6 8. d4 Nbd7 9. c3 O-O 10.
Re1 Re8 11. Bb3 Qc7 12. Bc2 Rad8 13. Qd3 Bxf3 14. Qxf3 e5 15. Bg5 exd4 16. cxd4 Qa5 17. Rxe8+ Rxe8 18. Be3 Qd5 19. Qd1 g6 20. Bb3 Qa5 21.
Qc2 Bxg3 22. hxg3 Qh5 23. Qc4 Re7 24. Re1 Ng4 25. Qb4 c5 26. Qxb7 Qh2+ 27. Kf1 cxd4 28. Qc8+ Nf8 29. Qxg4 d3 30. f3 h5 31. Qg5 Rd7 32. Kf2 Kg7 0-1

[Event "Early-Titled-Tuesday-Blitz-December-26-2023"]
[Site "Chess.com"]
[Date "2023.12.26"]
[Round "11"]
[White "LUISMIGUELOV"]
[Black "Ducke13"]
[Result "0-1"]
[WhiteElo "2191"]
[BlackElo "2382"]
[TimeControl "180+1"]
[EndTime "10:05:38 PST"]
[Termination "Ducke13 won on time"]

1. e4 c5 2. d4 cxd4 3. c3 dxc3 4.
Nxc3 d6 5. Bc4 Nc6 6. Nf3 a6 7. O-O Nf6 8. e5 dxe5 9. Qxd8+ Nxd8 10. Nxe5 Be6 11. Be2 g6 12. Bf4 Bg7 13. Bf3 O-O 14.
Rfd1 Rc8 15. Rac1 h6 16. h3 g5 17. Bg3 h5 18. Re1 g4 19. hxg4 hxg4 20. Be2 Nc6 21. Nxc6 Rxc6 22. Bd3 Rfc8 23. Rcd1 Kf8 24. a3 Bb3 25.
Rd2 e6 26. Rde2 Nd5 27. Nxd5 Bxd5 28. Be4 Bxe4 29. Rxe4 Rc4 30. Rxc4 Rxc4 31. b3 Rc3 32. Rb1 b5 33. a4 Bd4 34. axb5 Rxg3 35. bxa6 Rc3 36.
b4 Ra3 37. b5 Ke7 38. b6 Rxa6 39. b7 Be5 40. Rb5 Ra1+ 0-1

[Event "Early-Titled-Tuesday-Blitz-December-26-2023"]
[Site "Chess.com"]
[Date "2023.12.26"]
[Round "11"]
[White "Durarbayli"]
[Black "BogdanDeac"]
[Result "0-1"]
[WhiteElo "2888"]
[BlackElo "3020"]
[TimeControl "180+1"]
[EndTime "10:05:40 PST"]
[Termination "BogdanDeac won on time"]

1. e4 e5 2. Nf3 Nc6 3. Bb5 Nf6 4. d3 d6 5. c3 Be7 6. Nbd2 O-O 7. Nf1 a6 8. Ba4 b5 9. Bc2 d5 10. exd5 Qxd5 11. Ng3 Bg4 12. Bb3 Qd7 13. h3 Be6 14.
Bc2 Nd5 15. O-O f5 16. Re1 Bf6 17. Bd2 Bf7 18. a4 h6 19. b4 Rad8 20. axb5 axb5 21. Ra6 Nde7 22. Nf1 Qc8 23. Qa1 Rd6 24. Ra3 Bh5 25.
N3h2 Rfd8 26. Be3 Bf7 27. Bc5 R6d7 28. Nf3 Nd5 29. d4 e4 30. N3d2 Re8 31. Bb3 Nd8 32.
Ra8 Qb7 33. Ng3 g6 34. Ndxe4 fxe4 35. Nxe4 Bg7 36. Ra6 Ne6 37. Qa2 Nef4 38. Qa1 Kh7 39. Ng3 Rxe1+ 40. Qxe1 Qxa6 0-1

[Event "Early-Titled-Tuesday-Blitz-December-26-2023"]
[Site "Chess.com"]
[Date "2023.12.26"]
[Round "11"]
[White "wild3000"]
[Black "prime-morty"]
[Result "0-1"]
[WhiteElo "2423"]
[BlackElo "2535"]
[TimeControl "180+1"]
[EndTime "10:05:40 PST"]
[Termination "prime-morty won by resignation"]

1. d4 d6 2. e4 Nf6 3. Nc3 e5 4. Nf3 Nbd7 5. g3 Be7 6. Bg2 c6 7. O-O Qc7 8. a4 a5 9. b3 h6 10. Bb2 Nf8 11. Re1 Ng6 12. Qd2 O-O 13. h3 Nh7 14.
Rad1 Ng5 15. Nxg5 Bxg5 16. Qd3 Re8 17. Ne2 Bf6 18. d5 c5 19. c4 Bg5 20. h4 Bf6 21.
Bc1 Bg4 22. f3 Bd7 23. h5 Nf8 24. g4 Nh7 25. Ng3 Bg5 26. Bxg5 Nxg5 27. Qe3 Qd8 28. Kf2 Qf6 29. Rh1 Bxg4 30. Rdg1 Ra6 31. Ke2 Bd7 32. Kd2 Rb6 33. Kc2 Ra8 34. Ne2 Rb4 35. Nc1 Bxa4 36.
bxa4 Rxc4+ 37. Kb3 Rb4+ 38. Ka3 c4 39. Bf1 Nxf3 40.
Rg3 Nd4 41. Qd2 b5 42. axb5 Nxb5+ 43. Ka2 c3 44. Qc2 Rb2+ 45. Qxb2 cxb2 46. Kxb2 Qf2+ 47. Ne2 Nd4 48. Rhg1 Rb8+ 49. Ka3 Nxe2 50. Rxg7+ Kh8 51. Bxe2 Qe3+ 52. Ka2 Qb3+ 0-1

[Event "Early-Titled-Tuesday-Blitz-December-26-2023"]
[Site "Chess.com"]
[Date "2023.12.26"]
[Round "11"]
[White "Cheer_Down"]
[Black "egnfanclub"]
[Result "1-0"]
[WhiteElo "2491"]
[BlackElo "2339"]
[TimeControl "180+1"]
[EndTime "10:05:42 PST"]
[Termination "Cheer_Down won by resignation"]

1. d4 d5 2. Bf4 Nf6 3. e3 Bf5 4.
Nf3 e6 5. c4 c6 6. Nc3 Nbd7 7.
Qb3 Qb6 8. c5 Qxb3 9. axb3 Ne4 10. b4 Nxc3 11. bxc3 a6 12. b5 cxb5 13. Bxb5 Kd8 14.
O-O f6 15. c6 bxc6 16. Bxc6 Ra7 17. c4 Bd3 18. cxd5 exd5 19. Rfc1 Bc4 20. Nd2 g5 21. Nxc4 dxc4 22. Bg3 h5 23. h4 gxh4 24. Bxh4 Rc7 25. Rxa6 Nb8 26. Ra8 Rxc6 27. Rxb8+ Ke7 28. Rb4 c3 29.
Rb3 Kf7 30. Rbxc3 Rxc3 31. Rxc3 Be7 32. Rb3 Ke6 33. Rb6+ Kf7 34. Rb7 Rc8 35. g3 Rc1+ 36. Kg2 Rd1 37. Kf3 Ke6 38. Rb6+ Kf7 39. Rc6 Rd2 40.
g4 hxg4+ 41. Kxg4 Kg6 42. Bg3 Kf7 43. Kf5 Bd8 44. Ra6 Rb2 45. Ra7+ Be7 46. Bd6 Rb5+ 47.
Ke4 f5+ 48. Kf3 1-0

[Event "Early-Titled-Tuesday-Blitz-December-26-2023"]
[Site "Chess.com"]
[Date "2023.12.26"]
[Round "11"]
[White "MrrRefrao"]
[Black "Kotofeyca"]
[Result "1-0"]
[WhiteElo "2545"]
[BlackElo "2416"]
[TimeControl "180+1"]
[EndTime "10:05:43 PST"]
[Termination "MrrRefrao won by checkmate"]

1. Nf3 d5 2. g3 c6 3. Bg2 Bg4 4. O-O Nd7 5. h3 Bh5 6. d3 e5 7. Qe1 Ngf6 8. e4 dxe4 9. dxe4 Bc5 10. b4 Bb6 11. Nh4 O-O 12. Nf5 a5 13. b5 cxb5 14. Be3 Bxe3 15. Qxe3 Qb6 16. Nc3 b4 17. Nd5 Nxd5 18.
Qg5 Bg6 19. exd5 Qc5 20. h4 Qxc2 21. Ne7+ Kh8 22. Rac1 Qxa2 23. h5 h6 24. Nxg6+ fxg6 25. Qxg6 Rf6 26. Qg4 Rd8 27. Rc7 Rf7 28. Qg6 Kg8 29.
Be4 Qd2 30. Qh7+ Kf8 31. Bg6 Qg5 32. Bxf7 Kxf7 33. d6 b3 34. Qe4 b6 35. Qb7 Qf5 36.
Qxb6 Ke8 37. Qxb3 Qf6 38. Qg8+ Qf8 39. Qe6+ Qe7 40. Qxe7# 1-0

[Event "Early-Titled-Tuesday-Blitz-December-26-2023"]
[Site "Chess.com"]
[Date "2023.12.26"]
[Round "11"]
[White "Zhigalko_Sergei"]
[Black "frederiksvane"]
[Result "0-1"]
[WhiteElo "2902"]
[BlackElo "2970"]
[TimeControl "180+1"]
[EndTime "10:05:45 PST"]
[Termination "frederiksvane won on time"]

1. e4 e5 2. Nf3 Nc6 3. Bc4 Nf6 4. d3 Bc5 5. O-O O-O 6. Nbd2 d6 7. c3 a5 8. h3 Be6 9. Bb5 Ba7 10. Re1 Ne7 11. d4 Ng6 12. Nf1 exd4 13. cxd4 d5 14. e5 Ne4 15.
Ng3 Nh4 16. Be3 f5 17. exf6 Nxf3+ 18. Qxf3 Rxf6 19. Qh5 Nxg3 20. fxg3 Bf7 21. Qg4 c6 22. Bd3 Bg6 23. Rad1 Qc8 24. Qe2 Bxd3 25. Qxd3 Qd7 26. Bf4 Bb8 27. Be5 Rf7 28. Kh2 Bxe5 29. Rxe5 Re8 30. Rde1 Rfe7 31. Qd2 Rxe5 32. Rxe5 Rxe5 33.
dxe5 d4 34. e6 Qd6 35. Qxa5 Qxe6 36. Qd8+ Kf7 37. Qxd4 Qxa2 38. Qf4+ Ke6 39. Qe4+ Kf6 40. Qf4+ Ke6 0-1